 Dungeon Crawl Stone Soup version 0.22-a0-248-gc8378ba (webtiles) character file.

281 sankara the Cudgeler (level 6, 0/51 HPs)
             Began as a Hill Orc Fighter on Feb 28, 2018.
             Killed by divine providence
             ... invoked by an orc priest
              (15 damage)
             ... on level 4 of the Dungeon.
             The game lasted 00:07:12 (2442 turns).

sankara the Cudgeler (Hill Orc Fighter)             Turns: 2442, Time: 00:07:14

Health: 0/51       AC:  9    Str: 19    XL:     6   Next: 27%
Magic:  6/6        EV:  7    Int: 10    God:
Gold:   162        SH:  9    Dex: 10    Spells: 5/5 levels left

rFire    . . .     SeeInvis .   p - +0 whip
rCold    + . .     Gourm    .   c - +0 shield
rNeg     . . .     Faith    .   b - +0 scale mail
rPois    .         Spirit   .   (no helmet)
rElec    .         Reflect  .   (no cloak)
rCorr    .         Harm     .   a - +1 pair of gloves
MR       .....                  (no boots)
Stlth    ..........             (no amulet)
HPRegen  0.17/turn              j - ring of protection from cold {rC+, !d}
MPRegen  0.10/turn              (no ring)

@: no status effects
A: no striking features
a: Convert to Beogh


You were on level 4 of the Dungeon.
You were not hungry.

You visited 1 branch of the dungeon, and saw 4 of its levels.

You collected 162 gold pieces.

Inventory:

Hand Weapons
 p - a +0 whip (weapon)
   (You found it on level 2 of the Dungeon)
Missiles
 n - 67 stones (quivered)
Armour
 a - a +1 pair of gloves (worn)
   (You found it on level 2 of the Dungeon)
 b - a +0 scale mail (worn)
 c - a +0 shield (worn)
Jewellery
 i - a +5 amulet of reflection {unknown}
   (You found it on level 4 of the Dungeon)
 j - a ring of protection from cold (left hand) {rC+, !d}
   (You found it on level 1 of the Dungeon)
Scrolls
 g - 2 scrolls of teleportation
Potions
 d - a potion of might
 e - a potion of cancellation {unknown}
 h - a potion of magic {unknown}
 k - a potion of resistance {unknown}
 l - 2 potions of berserk rage {unknown}
 m - a potion of haste {unknown}
 o - a potion of curing
Comestibles
 f - 7 rations


   Skills:
 - Level 3.6 Fighting
 * Level 7.1 Maces & Flails
 - Level 3.2 Armour
 - Level 3.2 Shields


You had 5 spell levels left.
You didn't know any spells.

Dungeon Overview and Level Annotations

Branches:
Dungeon (5/15)
 Temple: D:4-7

Altars:


Message History

Things that are here:
a flail; a ring mail
Things that are here:
a flail; a chain mail; a dagger You start resting.
HP restored.
Things that are here:
a flail; a chain mail; a dagger
Things that are here:
a flail; a ring mail Some of the chunks of flesh in your inventory have rotted away.
You now have 145 gold pieces (gained 15).
Key pressed, stopping explore.
You open the door.
There is an open door here.
Eating one of 3 chunks of flesh {@w0}.
You eat one of the 3 chunks of flesh {@w0}.
This raw flesh tastes terrible.
You now have 148 gold pieces (gained 3).
n - 57 stones (gained 8)
Found a stone staircase leading down.
Key pressed, stopping explore.
Found a stone staircase leading up.
All of the chunks of flesh in your inventory have rotted away.
There is a stone staircase leading up here.
n - 67 stones (gained 10) Key pressed, stopping explore.
Key pressed, stopping explore.
Found a stone staircase leading down.
There is a stone staircase leading down here.
Key pressed, stopping explore.
You open the door.
There is an open door here.
f - 7 rations (gained 1)
You open the door.
There is an open door here.
Key pressed, stopping explore.
There is an open door here.
Key pressed, stopping explore.
There is an open door here.
As you open the door, it creaks loudly!
There is an open door here.
You now have 162 gold pieces (gained 14).
Key pressed, stopping explore.
You open the door.
There is an open door here.
Key pressed, stopping explore.
Key pressed, stopping explore.
Key pressed, stopping explore.
Done exploring.
Done exploring.
Done exploring.
You see here a scroll of random uselessness.
Key pressed, stopping travel.
There is a stone staircase leading up here.
There is a stone staircase leading down here.
You climb downwards.
A sky beast, 3 gnolls, 4 orcs and an orc priest come into view.
The orc shouts! x2
The orc priest shouts, "Beogh is our master!
Accept the truth or die!"
The orc priest shouts!
The orc shouts! x2; The gnoll shouts! x2
You hear a shout! x2
There is a stone staircase leading up here.
A worker ant comes into view.
The worker ant twitches its antennae in your direction.
You block the orc's attack. The gnoll closely misses you.
You climb upwards.
There is a stone staircase leading down here.
You hit the orc priest but do no damage.
The orc priest shouts, "Beogh is our master!
Accept the truth or die!"
You block the orc priest's attack. The orc hits you.
You barely miss the orc priest.
The orc priest invokes the aid of Beogh against you.
Beogh smites you! The orc hits you but does no damage.
You are too injured to fight recklessly!
You are too injured to fight recklessly!
You are too injured to fight recklessly!
You closely miss the orc priest.
The orc priest invokes the aid of Beogh against you.
Beogh smites you! The orc hits you but does no damage.
Your shield and scale mail prevent you from hitting the orc priest.
The orc priest hits you with a short sword.
The orc hits you.
You hit the orc priest but do no damage.
You block the orc priest's attack. You block the orc's attack.
You barely miss the orc priest.
The orc priest shouts, "Join the one true god or die!"
The orc priest completely misses you. You block the orc's attack.
You closely miss the orc priest. You hit the orc priest.
The orc priest is moderately wounded.
The orc priest hits you with a short sword.
The orc hits you.
* * * LOW HITPOINT WARNING * * *
You barely miss the orc priest.
The orc priest is moderately wounded.
The orc priest threatens, "By the altar or by the axe, you will meet Beogh!"
The orc priest invokes the aid of Beogh against you.
Beogh smites you!
You die...

............#..#.#
........#...<..#.#
..........#....#.#
........#.####.#.#
........######...#
........#..#.....#
..#####....#.##.o#
..#####.#.....#oo#
........#.....##@#
.....#..#.....#######
.....#......#.......#
.###.#.####.#.#####.#
## #.#.#....#.# #.#
#..........### #.#
###....#.....# #.#
#########.###.###.#
#..........##.....#


You could see an orc priest and 2 orcs.

Vanquished Creatures
  A necrophage (D:4)
  A howler monkey (D:4)
  An orc priest (D:4)
  A bullfrog skeleton (D:4)
  A worker ant (D:4)
  A gnoll (D:2)
  2 adders (D:4)
  An ooze (D:2)
  A leopard gecko (D:2)
  8 orcs
  4 bats
  A giant cockroach (D:4)
  4 hobgoblins
  4 kobolds
  A quokka (D:4)
  3 frilled lizards
  4 goblins
  A bush (D:1)
40 creatures vanquished.

Notes
Turn   | Place    | Note
-------+----------+-------------------------------------------
     0 | D:1      | sankara the Hill Orc Fighter began the quest for the Orb.
     0 | D:1      | Reached XP level 1. HP: 19/19 MP: 1/1
   423 | D:1      | Reached skill level 3 in Maces & Flails
   423 | D:1      | Reached XP level 2. HP: 25/26 MP: 2/2
   946 | D:2      | Reached XP level 3. HP: 25/31 MP: 3/3
  1160 | D:2      | Reached skill level 4 in Maces & Flails
  1471 | D:2      | You fall through a shaft for 2 floors!
  1547 | D:4      | Reached XP level 4. HP: 33/39 MP: 4/4
  1566 | D:4      | HP: 9/39 [poisoned by a worker ant]
  1567 | D:4      | Reached skill level 5 in Maces & Flails
  1813 | D:4      | Noticed a necrophage
  1843 | D:4      | Killed a necrophage
  1843 | D:4      | Reached skill level 6 in Maces & Flails
  1843 | D:4      | Reached XP level 5. HP: 43/45 MP: 5/5
  1906 | D:4      | Reached XP level 6. HP: 51/51 MP: 6/6
  1971 | D:4      | Reached skill level 7 in Maces & Flails
  2430 | D:5      | Entered Level 5 of the Dungeon
  2430 | D:5      | Noticed a sky beast
  2442 | D:4      | Killed from afar by an orc priest

Vault maps used:
D:1:      mrwooster_arrival_statue, serial_forest, infiniplex_forest_straight_2,
          infiniplex_forest_end_2, infiniplex_forest_lined_2,
          infiniplex_forest_straight_1, minmay_misc_feat_roman,
          minmay_parallelograms
D:2:      first_ration, st_stairs_2
D:5:      gammafunk_temple_overflow_claw, serial_aquarium,
          aquarium_bridge_square, aquarium_window_1, aquarium_window_fake,
          aquarium_view_2c, aquarium_balcony_1b

Skill      XL: |  1  2  3  4  5  6 |
---------------+-------------------+-----
Maces & Flails | 3 4 6 7 |  7.1
Fighting       | |  3.6
Armour         | |  3.2
Shields        | |  3.2

Action                   |  1- 3 |  4- 6 || total
-------------------------+-------+-------++-------
Melee: Flail             |   126 |       ||   126
       Whip              |    77 |   116 ||   193
  Use: Scroll            |     1 |     3 ||     4
       Potion            |       |     1 ||     1
  Eat: Chunk             |     2 |     3 ||     5
Armor: Scale mail        |    49 |    33 ||    82
Dodge: Dodged            |    30 |    24 ||    54
Block: Shield            |    73 |    49 ||   122

Table legend:
 A = Spawn XP
 B = Non-spawn XP
 C = Spawn XP percentage of total XP
 D = Spawn monster count
 E = Non-spawn monster count
 F = Spawn count percentage of total count
 G = Total turns spent on level
                    A         B        C        D         E        F      G
               +---------+---------+-------+---------+---------+-------+---------
         Total |       0 |     402 |   0.0 |       0 |      39 |   0.0 |  2442
               +---------+---------+-------+---------+---------+-------+---------
           D:1 |       0 |      16 |   0.0 |       0 |       9 |   0.0 |   898
           D:2 |       0 |      49 |   0.0 |       0 |      15 |   0.0 |   573
           D:4 |       0 |     337 |   0.0 |       0 |      15 |   0.0 |   968
               +---------+---------+-------+---------+---------+-------+---------

Vault maps used:
D:1:      mrwooster_arrival_statue, serial_forest, infiniplex_forest_straight_2,
          infiniplex_forest_end_2, infiniplex_forest_lined_2,
          infiniplex_forest_straight_1, minmay_misc_feat_roman,
          minmay_parallelograms
D:2:      first_ration, st_stairs_2
D:5:      gammafunk_temple_overflow_claw, serial_aquarium,
          aquarium_bridge_square, aquarium_window_1, aquarium_window_fake,
          aquarium_view_2c, aquarium_balcony_1b

Table legend:
 A = Turns spent in this place as a percentage of turns spent in the entire game.
 B = Non-inter-level travel turns spent in this place as a percentage of non-inter-level travel turns spent in the entire game.
 C = Inter-level travel turns spent in this place as a percentage of turns spent in this place.
 D = Turns resting spent in this place as a percentage of non-inter-level travel turns spent in this place.
 E = Turns spent auto-exploring this place as a percentage of non-inter-level travel turns spent in this place.
 F = Non-inter-level travel turns spent in this place divided by the number of levels of this place that you've seen.
                   A       B       C       D       E      F
               +-------+-------+-------+-------+-------+----------------------
         Total | 100.0 | 100.0 |   3.9 |  24.0 |  52.6 | 586.5
       Dungeon | 100.0 | 100.0 |   3.9 |  24.0 |  52.6 | 586.5
               +-------+-------+-------+-------+-------+----------------------

Table legend:
 A = Kills in this place as a percentage of kills in entire the game.
 B = Kills by you in this place as a percentage of kills by you in the entire game.
 C = Kills by friends in this place as a percentage of kills by friends in the entire game.
 D = Other kills in this place as a percentage of other kills in the entire game.
 E = Experience gained in this place as a percentage of experience gained in the entire game.
 F = Experience gained in this place divided by the number of levels of this place that you have seen.
                   A       B       C       D       E      F
               +-------+-------+-------+-------+-------+----------------------
         Total | 100.0 | 100.0 |   N/A |   N/A | 100.0 | 100.5
       Dungeon | 100.0 | 100.0 |   N/A |   N/A | 100.0 | 100.5
               +-------+-------+-------+-------+-------+----------------------
